Map: Ascension to Aiur LE

Players

BackupB (xKawaiian) - Winner!

  • Race: Terran Terran
  • Spawn Location: 11:00

AdminB

  • Race: Terran Terran
  • Spawn Location: 5:00

Event: WCS Montreal 2017

VOD

Have the link to the VOD?

Description

Time

  • Played on: Sept. 8, 2017, 11:58 a.m.
  • Length: 4:46

All games in this series

Show
View Real Time Build Order
Export as new Build Order

BackupB Terran - Winner!

Build Orders: 1/1/1, Cyclone Opening 

Get SALT Encoding   

  12  0:00  SCV  
  13  0:12  SCV  
  14  0:17  Supply Depot  
  14  0:25  SCV  
  15  0:29  Refinery  
  15  0:38  SCV  
  16  0:45  Barracks  
  16  0:50  SCV  
  16  0:56  Refinery  
  17  1:02  SCV  
  18  1:15  SCV  
  19  1:32  Reaper  
  20  1:34  Orbital Command  
  20  1:37  Factory  
  20  1:49  Supply Depot  
  20  1:59  SCV  
  21  2:04  Reaper  
  22  2:17  SCV  
  22  2:22  Cyclone  
  26  2:24  Starport  
  27  2:30  SCV  
  27  2:36  Reaper  
  28  2:42  SCV  
  29  2:54  SCV  
  29  2:55  Supply Depot  
  30  3:12  Supply Depot  
  30  3:15  SCV  
  30  3:17  Cyclone, Medivac, Barracks Tech Lab  
  36  3:27  SCV  
  38  3:53  SCV  
  38  3:54  Command Center  
  39  3:59  Bunker  
  38  4:06  SCV  
  38  4:09  Factory Tech Lab, Barracks Reactor  
  37  4:12  Supply Depot  
  40  4:18  SCV  
  41  4:30  SCV  
Show
View Real Time Build Order
Export as new Build Order

AdminB Terran 

Build Orders:  

Get SALT Encoding   

  12  0:00  SCV  
  13  0:12  SCV  
  14  0:18  Supply Depot  
  14  0:25  SCV  
  15  0:29  Refinery  
  15  0:39  SCV  
  16  0:49  Barracks  
  16  0:52  SCV  
  17  1:04  SCV  
  17  1:06  Refinery  
  18  1:16  SCV  
  19  1:28  SCV  
  20  1:37  Factory  
  20  1:40  SCV  
  20  1:41  Barracks Reactor  
  21  1:47  Supply Depot  
  21  1:53  SCV  
  22  2:05  SCV  
  23  2:19  Marine x2  
  24  2:26  Factory  
  24  2:28  Orbital Command  
  22  2:59  Command Center  
  22  3:03  Barracks  
  22  3:04  SCV  
  22  3:09  Cyclone  
  25  3:16  SCV  
  26  3:28  SCV  
  24  3:49  Cyclone  
  24  3:50  SCV  
  24  3:53  Supply Depot  
  28  4:13  Supply Depot  
  28  4:15  SCV  
Tags
 
Add a new tag
Caveats
  • Supply blocks, unpowered buildings, or Contaminate may cause inaccurate times.
  • Supply counts are checked every 10 seconds.